 Dungeon Crawl Stone Soup version 0.13-a0-2156-ga9a2eb8 (webtiles) character file.

864 Grabo the Cleaver (level 7, -16/57 HPs)
             Began as a Lava Orc Chaos Knight on June 30, 2013.
             Was a Plaything of Xom.
             Demolished by an ogre
             ... wielding a +0,+0 giant club
              (30 damage)
             ... on Level 5 of the Dungeon.
             The game lasted 00:10:02 (3638 turns).

Grabo the Cleaver (Lava Orc Chaos Knight)           Turns: 3638, Time: 00:10:02

HP -16/57        AC  7     Str 15      XL: 7   Next: 16%
MP   7/7         EV  8     Int 12      God: Xom
Gold 271         SH  0     Dex 12      Spells:  0 memorised,  6 levels left

Res.Fire  : + + +   See Invis. : .   q - +3,+2 hand axe (freeze)
Res.Cold  : x . .   Warding    : .   o - +0 orc scale mail
Life Prot.: . . .   Conserve   : .   (no shield)
Res.Poison: +       Res.Corr.  : .   (no helmet)
Res.Elec. : .       Clarity    : .   (no cloak)
Sust.Abil.: . .     Spirit.Shd : .   (no gloves)
Res.Mut.  : .       Stasis     : .   (no boots)
Res.Rott. : .       Flight     : .   (no amulet)
Saprovore : + . .                    (no ring)
                                     e - ring of poison resistance

@: quick, slightly resistant to hostile enchantments, extremely unstealthy
A: conserve scrolls, saprovore 1
a: Renounce Religion


You were on level 5 of the Dungeon.
You worshipped Xom.
You were Xom's teddy bear.
You were not hungry.

You visited 1 branch of the dungeon, and saw 5 of its levels.

You collected 251 gold pieces.

Inventory:

Hand weapons
 q - a +3,+2 hand axe of freezing (weapon)
Armour
 o - a +0 orcish scale mail (worn)
Magical devices
 b - a wand of cold (5)
 j - a wand of confusion (11)
Comestibles
 c - 2 meat rations
 d - an orange
 f - a choko
 s - a rotting chunk of elf flesh
 t - a rotting chunk of elf flesh
 w - a bread ration
Scrolls
 a - 3 scrolls of teleportation
 g - 3 scrolls of identify
 k - a scroll of remove curse
 l - 2 scrolls of recharging
 m - a scroll of fear
Jewellery
 e - a ring of poison resistance (left hand)
Potions
 h - 2 potions of speed
 i - a potion of might {unknown}
 p - a potion of heal wounds
 r - a potion of poison


   Skills:
 - Level 3.6 Fighting
 + Level 9.9 Axes
 - Level 2.1 Armour
 - Level 0.7 Dodging


You had 6 spell levels left.
You didn't know any spells.

Dungeon Overview and Level Annotations

Branches:
Dungeon (5/27)
 Temple: D:4-7

Altars:
Okawaru


Innate Abilities, Weirdness & Mutations

You have stony skin.
You cover ground quickly.
Your flesh is almost immune to the effects of heat.
Your fire spells are more powerful.
Your flesh is vulnerable to cold.
Your heat harms attackers.
You bathe your surroundings in blazing heat.
You are too hot to use scrolls.
You are very good at protecting items from fire.
You can tolerate rotten meat.


Message History

The gnoll hits you with a club.
* * * LOW HITPOINT WARNING * * *
You're getting fired up.
You hit the gnoll but do no damage.
The gnoll is heavily wounded.
You barely miss the ogre.
The ogre is severely wounded.
The ogre is burned by your radiant heat.
The ogre is almost dead.
The ogre barely misses you.
The gnoll is burned by your radiant heat.
You kill the gnoll!
Your scale mail prevents you from hitting the ogre.
The ogre is almost dead.
The ogre is burned by your radiant heat.
The ogre is almost dead.
The ogre hits you with a giant club!
Ouch! That really hurt!
You die...
Xom laughs nastily!

................
.................
####.............
...........##.....
..###...#...### .
..............####
.........)........
........#..... .
##.........
.......#.
#........ ...#....
....


You could see an ogre.

Vanquished Creatures
  An ogre (D:4)
  Dowan (D:4)
  A quasit (D:4)
  An orc priest (D:4)
  4 orc wizards
  3 scorpions (D:4)
  An iron imp (D:4)
  3 worker ants (D:4)
  5 adders
  2 gnolls
  2 giant mites
  3 worms
  A bat skeleton (D:4)
  2 giant geckos
  3 oozes
  15 orcs
  A giant cockroach (D:1)
  7 goblins
  7 hobgoblins
  2 quokkas (D:2)
  A ball python (D:3)
  5 bats
  5 giant newts
  5 kobolds
  6 rats
87 creatures vanquished.

Vanquished Creatures (collateral kills)
  Duvessa (D:4)
1 creature vanquished.

Vanquished Creatures (others)
  A hound (D:4)
  An ufetubus (D:4)
  A kobold skeleton (D:4)
  A rat (D:4)
4 creatures vanquished.

Grand Total: 92 creatures vanquished

Notes
Turn   | Place    | Note
--------------------------------------------------------------
     0 | D:1      | Grabo, the Lava Orc Chaos Knight, began the quest for the Orb.
     0 | D:1      | Reached XP level 1. HP: 17/17 MP: 1/1
   232 | D:1      | Reached skill level 4 in Axes
   280 | D:1      | Reached XP level 2. HP: 21/24 MP: 2/2
   444 | D:1      | XOM: silly message
   715 | D:1      | XOM: divination: detect creatures
   730 | D:1      | XOM: harmless Tloc miscast
   769 | D:1      | XOM: noise
  1164 | D:2      | Reached skill level 5 in Axes
  1164 | D:2      | Reached XP level 3. HP: 2/30 MP: 3/3
  1592 | D:2      | XOM: severe Fire miscast
  1757 | D:3      | XOM: confusion
  1765 | D:3      | Reached XP level 4. HP: 18/37 MP: 4/4
  1772 | D:3      | Reached skill level 6 in Axes
  1796 | D:3      | XOM: blink monster(s)
  1800 | D:3      | XOM: enchant monster (bad)
  1807 | D:3      | XOM: harmless Fire miscast
  1841 | D:3      | XOM: harmless Conj miscast
  1915 | D:3      | XOM: polymorph orc -> giant mite
  2063 | D:3      | Reached XP level 5. HP: 38/44 MP: 5/5
  2069 | D:3      | Reached skill level 7 in Axes
  2623 | D:4      | Noticed an ogre
  2625 | D:4      | XOM: summons 2 hostile shadow creatures
  2629 | D:4      | XOM: summons 2 hostile demons
  2643 | D:4      | XOM: polymorph white imp -> quasit
  2646 | D:4      | XOM: noise
  2647 | D:4      | XOM: medium Ice miscast
  2658 | D:4      | Killed an ogre
  2658 | D:4      | Reached skill level 8 in Axes
  2658 | D:4      | Reached XP level 6. HP: 5/50 MP: 6/6
  2959 | D:4      | Found an iron altar of Okawaru.
  2981 | D:4      | Reached skill level 9 in Axes
  3283 | D:4      | XOM: 1-stop teleportation journey
  3388 | D:4      | Noticed Duvessa
  3390 | D:4      | XOM: summons 4 friendly demons
  3393 | D:4      | Killed Duvessa
  3397 | D:4      | Noticed Dowan
  3401 | D:4      | Reached XP level 7. HP: 43/57 MP: 7/7
  3421 | D:4      | Killed Dowan
  3616 | D:5      | Entered Level 5 of the Dungeon
  3638 | D:5      | Demolished by an ogre

Action                   |  1- 3 |  4- 6 |  7- 9 || total
-------------------------+-------+-------+-------++-------
Melee: Hand axe          |    96 |   191 |    27 ||   314
Evoke: Wand              |       |     1 |       ||     1
  Use: Potion            |     1 |     1 |       ||     2
       Scroll            |       |    13 |     1 ||    14
 Stab: Confused          |     1 |       |       ||     1
       Paralysed         |     1 |       |       ||     1
